Blues vs Rangers
Created - March 4, 2020 at 22:49
Goals
|
Blues |
2 |
1 |
0 |
3 |
Rangers |
3 |
0 |
2 |
5 |
|
Shots
|
Blues |
16 |
12 |
6 |
34 |
Rangers |
19 |
8 |
9 |
36 |
|
1st period
1. Blues , Fabian Brunnstrom 16 (Yann Sauvé 11, Jake Gardiner 26) at 6:51
2. Rangers , Sean Couturier 10 (Jakob Silfverberg 30) at 7:21
3. Blues , Ryan O'Reilly 8 (Reilly Smith 10) at 12:34
4. Rangers , Sean Couturier 11 (James Neal 21) at 13:10
5. Rangers , Cam Barker 4 (Jakob Silfverberg 31, Patrice Bergeron 31) at 19:35
Penalties :
Jordan Eberle (STL) for Goalie Interference (Minor) at 4:19, Yann Sauvé (STL) for Goalie Interference (Minor) at 8:54, Sean Couturier (NYR) for Hooking (Minor) at 15:43
2nd period
6. Blues , Drew Shore 5 (Gustav Nyquist 10, Simon Gagné 10) at 10:10
Penalties :
Colten Teubert (NYR) for Delaying the game (Minor) at 7:12, Fabian Brunnstrom (STL) for Hooking (Minor) at 13:04
3rd period
7. Rangers , Milan Lucic 34 (Patrice Bergeron 32) at 0:47 (PP)
8. Rangers , Matt Read 11 (Tomas Hertl 11, Cam Barker 24) at 10:15
Penalties :
Filip Forsberg (STL) for Hooking (Minor) at 0:41, Jordan Eberle (STL) for Hooking (Minor) at 1:32, Simon Gagné (STL) for Roughing (Minor) at 4:35
Goalie Stats
Carey Price (STL), 31 saves from 36 shots - (0.861), L, 21-19-5, 60:00 minutes
Frederik Andersen (NYR), 31 saves from 34 shots - (0.912), W, 26-17-2, 60:00 minutes
Players Stats for Blues
Player Name G A P +/- PIM S H SB GA TA FO MP PP MP PK MP
------------------------------------------------------------------------------------
Alex Pietrangelo 0 0 0 -1 0 4 0 3 2 2 0/0 27:59 3:08 6:09
Cody Ceci 0 0 0 -2 0 1 2 0 0 1 0/0 19:29 0:00 6:09
David Perron 0 0 0 -2 0 0 1 1 0 0 1/1 17:03 2:36 0:30
Drew Shore 1 0 1 0 0 1 0 0 0 0 0/2 9:57 0:00 3:13
Fabian Brunnstrom 1 0 1 0 2 2 1 0 1 0 0/0 13:43 0:00 1:46
Filip Forsberg 0 0 0 2 2 2 2 0 2 0 1/1 19:06 1:22 3:25
Gustav Nyquist 0 1 1 0 0 2 1 0 0 0 0/0 6:16 0:00 0:00
Jake Gardiner 0 1 1 0 0 0 1 1 1 0 0/0 22:31 3:08 3:52
Jean-Gabriel Pageau 0 0 0 -1 0 3 4 0 0 0 6/19 16:42 0:00 5:45
Jordan Eberle 0 0 0 -1 4 4 1 0 1 0 1/2 20:45 2:36 3:16
Kurt Sauer 0 0 0 0 0 0 0 0 0 1 0/0 12:58 0:50 0:00
Nicklas Backstrom 0 0 0 -2 0 1 0 0 0 0 12/32 16:33 2:36 0:00
Reilly Smith 0 1 1 1 0 2 1 1 0 0 0/0 13:31 0:00 0:00
Ryan O'Reilly 1 0 1 1 0 6 1 0 0 1 6/12 14:57 1:22 0:07
Sergei Shirokov 0 0 0 -1 0 3 0 0 0 1 0/0 12:21 1:22 0:00
Shayne Gostisbehere 0 0 0 0 0 2 3 1 0 0 0/0 13:57 0:50 0:59
Simon Gagné 0 1 1 0 2 0 1 0 1 0 0/0 8:38 0:00 2:00
Yann Sauvé 0 1 1 1 2 1 2 1 0 0 0/0 23:27 0:00 2:53
Players Stats for Rangers
Player Name G A P +/- PIM S H SB GA TA FO MP PP MP PK MP
------------------------------------------------------------------------------------
Alexei Emelin 0 0 0 -1 0 0 0 0 0 0 0/0 11:16 0:00 0:00
Cam Barker 1 1 2 1 0 4 2 1 0 1 0/0 29:43 6:09 2:14
Chris Bourque 0 0 0 -2 0 0 0 1 1 0 0/0 12:57 0:01 0:15
Colten Teubert 0 0 0 -1 2 1 0 1 0 1 0/0 11:15 0:00 0:00
Jakob Silfverberg 0 2 2 1 0 6 3 0 0 1 1/2 21:30 5:30 1:02
James Neal 0 1 1 1 0 1 2 2 0 0 0/0 17:09 4:30 0:00
Kyle Okposo 0 0 0 1 0 4 3 0 0 0 0/0 18:39 4:30 1:02
Luke Schenn 0 0 0 1 0 2 1 2 0 0 0/0 25:52 6:09 2:14
Mark Fistric 0 0 0 1 0 1 0 1 0 2 0/0 19:01 3:52 1:44
Matt Greene 0 0 0 1 0 0 0 1 0 0 0/0 19:01 3:52 1:44
Matt Read 1 0 1 -1 0 2 1 0 2 1 0/0 12:19 0:01 0:00
Maxime Sauvé 0 0 0 0 0 0 0 1 0 0 3/6 6:32 0:00 0:00
Milan Lucic 1 0 1 1 0 7 1 0 1 0 1/6 27:05 5:30 2:41
Patrice Bergeron 0 2 2 1 0 2 0 0 1 1 21/34 22:31 5:30 2:34
Patrik Nemeth 0 0 0 0 0 0 0 0 0 0 0/0 3:51 0:00 0:00
Sean Couturier 2 0 2 1 2 4 1 0 0 0 12/15 17:36 4:30 0:00
Steve Quailer 0 0 0 1 0 1 2 0 0 0 0/0 8:07 0:01 0:22
Tomas Hertl 0 1 1 -1 0 1 0 0 1 1 4/6 11:36 0:00 0:00
3 Stars
1 - Cam Barker (NYR)
2 - Sean Couturier (NYR)
3 - Jakob Silfverberg (NYR)
Power Play
Blues - 0 on 2 Attempt(s) - 0.00%
Rangers - 1 on 6 Attempt(s) - 16.67%
Penalty Kill
Blues - 5 on 6 Attempt(s) - 83.33%
- Score 0 goal in Penalty Kill
Rangers - 2 on 2 Attempt(s) - 100.00%
- Score 0 goal in Penalty Kill
Team Stat
Blues - Hits : 21 - Faceoff Wins : 27 - Blocked Shots : 8 - Penalty Minutes : 12
Rangers - Hits : 16 - Faceoff Wins : 42 - Blocked Shots : 10 - Penalty Minutes : 4
Official
Referees : Unknown
Linesman : Unknown
Game Notes
10:15 of 3rd period - Rangers goal is going for a video replay. After video review, Goal.
Finance
Level 1 -- Attendance: 6000 (100.00%) -- Ticket Income $570,000
Level 2 -- Attendance: 5000 (100.00%) -- Ticket Income $300,000
Level 3 -- Attendance: 2000 (100.00%) -- Ticket Income $70,000
Level 4 -- Attendance: 3650 (91.25%) -- Ticket Income $91,250
Luxury Box -- Attendance: 962 (96.20%) -- Ticket Income $173,160
Game was played at the Madison Square Garden.
Total Attendance: 17612 (97.84%)
Total Ticket Income: $1,204,410
Other Income: $180,662
Total Income: $1,385,072
Blues
5 vs 5 Forward
Center Left Wing Right Wing Time % Phy DF OF
1 Nicklas Backstrom David Perron Jordan Eberle 40 1 2 2
2 Ryan O'Reilly Filip Forsberg Reilly Smith 30 1 2 2
3 Jean-Gabriel Pageau Fabian Brunnstrom Sergei Shirokov 20 1 2 2
4 Drew Shore Simon Gagné Gustav Nyquist 10 1 2 2
5 vs 5 Defense
Defense Defense Time % Phy DF OF
1 Alex Pietrangelo Yann Sauvé 40 1 2 2
2 Cody Ceci Jake Gardiner 30 1 2 2
3 Kurt Sauer Shayne Gostisbehere 20 1 2 2
4 Yann Sauvé Jake Gardiner 10 1 2 2
PowerPlay Forward
Center Left Wing Right Wing Time % Phy DF OF
1 Nicklas Backstrom David Perron Jordan Eberle 60 1 2 2
2 Ryan O'Reilly Filip Forsberg Sergei Shirokov 40 1 2 2
PowerPlay Defense
Defense Defense Time % Phy DF OF
1 Alex Pietrangelo Jake Gardiner 60 1 2 2
2 Shayne Gostisbehere Kurt Sauer 40 1 2 2
Penalty Kill 4 Players Forward
Center Wing Time % Phy DF OF
1 Jean-Gabriel Pageau Jordan Eberle 60 1 2 2
2 Drew Shore Simon Gagné 40 1 2 2
Penalty Kill 4 Players Defense
Defense Defense Time % Phy DF OF
1 Alex Pietrangelo Cody Ceci 60 1 2 2
2 Jake Gardiner Yann Sauvé 40 1 2 2
Penalty Kill - 3 Players Forward
Forward Time % Phy DF OF
1 Drew Shore 60 1 2 2
2 Jordan Eberle 40 1 2 2
Penalty Kill - 3 Players Defense
Defense Defense Time % Phy DF OF
1 Alex Pietrangelo Cody Ceci 60 1 2 2
2 Jake Gardiner Yann Sauvé 40 1 2 2
4 vs 4 Forward
Center Wing Time % Phy DF OF
1 Nicklas Backstrom David Perron 60 1 2 2
2 Jean-Gabriel Pageau Jordan Eberle 40 1 2 2
4 vs 4 Defense
Defense Defense Time % Phy DF OF
1 Alex Pietrangelo Cody Ceci 60 1 2 2
2 Jake Gardiner Shayne Gostisbehere 40 1 2 2
Last Minutes Offensive
Center Left Wing Right Wing Defense Defense
Nicklas Backstrom David Perron Jordan Eberle Alex Pietrangelo Jake Gardiner
Last Minutes Defensive
Center Left Wing Right Wing Defense Defense
Jean-Gabriel Pageau Fabian Brunnstrom Jordan Eberle Yann Sauvé Cody Ceci
Goaltenders
Starting : Carey Price
Backup : Pascal Leclaire
Extra Forwards
Normal : Jean-Gabriel Pageau, Drew Shore, Jordan Eberle - PP : Gustav Nyquist, Nicklas Backstrom - PK : Filip Forsberg
Extra Defensemen
Normal : Shayne Gostisbehere, Cody Ceci, Jake Gardiner - PP : Shayne Gostisbehere - PK : Shayne Gostisbehere, Jake Gardiner
Penalty Shots
David Perron, Reilly Smith, Jordan Eberle, Nicklas Backstrom, Fabian Brunnstrom
Scratches
D.J King (Healthy)
Rangers
5 vs 5 Forward
Center Left Wing Right Wing Time % Phy DF OF
1 Patrice Bergeron Milan Lucic Jakob Silfverberg 40 1 2 2
2 Sean Couturier James Neal Kyle Okposo 30 1 2 2
3 Tomas Hertl Chris Bourque Matt Read 20 1 2 2
4 Maxime Sauvé Milan Lucic Steve Quailer 10 1 2 2
5 vs 5 Defense
Defense Defense Time % Phy DF OF
1 Cam Barker Luke Schenn 40 1 2 2
2 Mark Fistric Matt Greene 30 1 2 2
3 Colten Teubert Alexei Emelin 20 1 2 2
4 Patrik Nemeth Cam Barker 10 1 2 2
PowerPlay Forward
Center Left Wing Right Wing Time % Phy DF OF
1 Patrice Bergeron Milan Lucic Jakob Silfverberg 60 1 2 2
2 Sean Couturier James Neal Kyle Okposo 40 1 2 2
PowerPlay Defense
Defense Defense Time % Phy DF OF
1 Cam Barker Luke Schenn 60 1 2 2
2 Mark Fistric Matt Greene 40 1 2 2
Penalty Kill 4 Players Forward
Center Wing Time % Phy DF OF
1 Milan Lucic Patrice Bergeron 60 1 2 2
2 Jakob Silfverberg Kyle Okposo 40 1 2 2
Penalty Kill 4 Players Defense
Defense Defense Time % Phy DF OF
1 Cam Barker Luke Schenn 60 1 2 2
2 Mark Fistric Matt Greene 40 1 2 2
Penalty Kill - 3 Players Forward
Forward Time % Phy DF OF
1 Milan Lucic 60 1 2 2
2 Patrice Bergeron 40 1 2 2
Penalty Kill - 3 Players Defense
Defense Defense Time % Phy DF OF
1 Cam Barker Luke Schenn 60 1 2 2
2 Mark Fistric Matt Greene 40 1 2 2
4 vs 4 Forward
Center Wing Time % Phy DF OF
1 Milan Lucic Patrice Bergeron 60 1 2 2
2 Jakob Silfverberg Kyle Okposo 40 1 2 2
4 vs 4 Defense
Defense Defense Time % Phy DF OF
1 Cam Barker Luke Schenn 60 1 2 2
2 Mark Fistric Matt Greene 40 1 2 2
Last Minutes Offensive
Center Left Wing Right Wing Defense Defense
Patrice Bergeron Milan Lucic Jakob Silfverberg Cam Barker Luke Schenn
Last Minutes Defensive
Center Left Wing Right Wing Defense Defense
Patrice Bergeron Milan Lucic Jakob Silfverberg Cam Barker Luke Schenn
Goaltenders
Starting : Frederik Andersen
Backup : Mike Condon
Extra Forwards
Normal : Matt Read, Chris Bourque, Steve Quailer - PP : Matt Read, Chris Bourque - PK : Steve Quailer
Extra Defensemen
Normal : Colten Teubert, Alexei Emelin, Patrik Nemeth - PP : Colten Teubert - PK : Alexei Emelin, Patrik Nemeth
Penalty Shots
Milan Lucic, Patrice Bergeron, Jakob Silfverberg, Kyle Okposo, James Neal
Scratches
Magnus Paajarvi-Svensson (Healthy)
% Time on Ice - Blues
Lines # - Real PCT - Wanted PCT - Time Play
Normal Forward
1 - 33% - 40% - 15:03
2 - 30% - 30% - 13:45
3 - 24% - 20% - 10:57
4 - 14% - 10% - 6:16
Normal Defense
1 - 41% - 40% - 18:42
2 - 28% - 30% - 12:49
3 - 24% - 20% - 11:06
4 - 7% - 10% - 3:24
PP Forward
1 - 66% - 60% - 2:36
2 - 34% - 40% - 1:22
PP Defense
1 - 79% - 60% - 3:08
2 - 21% - 40% - 0:50
PK Forward
1 - 72% - 60% - 7:10
2 - 28% - 40% - 2:51
PK Defense
1 - 61% - 60% - 6:09
2 - 39% - 40% - 3:52
PK3 Forward
1 - 0% - 60%
2 - 0% - 40%
PK3 Defense
1 - 0% - 60%
2 - 0% - 40%
44 Forward
1 - 0% - 60%
2 - 0% - 40%
44 Defense
1 - 0% - 60%
2 - 0% - 40%
Last Minute Offensive - 0:00
Last Minute Defensive - 0:00
Total
Forward - 60:00
Defense - 60:00
|
% Time on Ice - Rangers
Lines # - Real PCT - Wanted PCT - Time Play
Normal Forward
1 - 32% - 40% - 14:46
2 - 29% - 30% - 13:07
3 - 25% - 20% - 11:36
4 - 14% - 10% - 6:32
Normal Defense
1 - 38% - 40% - 17:29
2 - 29% - 30% - 13:25
3 - 24% - 20% - 11:16
4 - 8% - 10% - 3:51
PP Forward
1 - 55% - 60% - 5:31
2 - 45% - 40% - 4:30
PP Defense
1 - 61% - 60% - 6:09
2 - 39% - 40% - 3:52
PK Forward
1 - 74% - 60% - 2:56
2 - 26% - 40% - 1:02
PK Defense
1 - 56% - 60% - 2:14
2 - 44% - 40% - 1:44
PK3 Forward
1 - 0% - 60%
2 - 0% - 40%
PK3 Defense
1 - 0% - 60%
2 - 0% - 40%
44 Forward
1 - 0% - 60%
2 - 0% - 40%
44 Defense
1 - 0% - 60%
2 - 0% - 40%
Last Minute Offensive - 0:00
Last Minute Defensive - 0:00
Total
Forward - 60:00
Defense - 60:00
|
Play-by-Play
1st period
0:01 of 1st period - David Perron wins face-off versus Jakob Silfverberg in neutral zone.
0:08 of 1st period - Snap shot by Jakob Silfverberg.
0:08 of 1st period - Deflect By Milan Lucic.
0:08 of 1st period - Shot Blocked by Alex Pietrangelo.
0:08 of 1st period - Puck is out of play.
0:09 of 1st period - Patrice Bergeron wins face-off versus Nicklas Backstrom in Blues zone.
0:28 of 1st period - Snap shot by Milan Lucic.
0:28 of 1st period - Shot Misses the Net.
0:44 of 1st period - Wrist shot by Milan Lucic.
0:44 of 1st period - Stopped by Carey Price with a rebound.
0:46 of 1st period - Wrist shot by Jakob Silfverberg.
0:46 of 1st period - Shot Misses the Net.
0:48 of 1st period - Snap shot by Luke Schenn.
0:48 of 1st period - Stopped by Carey Price without a rebound.
0:49 of 1st period - Sean Couturier wins face-off versus Ryan O'Reilly in Blues zone.
1:08 of 1st period - Mark Fistric is hit by Cody Ceci and loses puck.
1:33 of 1st period - Snap shot by Fabian Brunnstrom.
1:33 of 1st period - Shot Blocked by Chris Bourque.
1:35 of 1st period - Snap shot by Sergei Shirokov.
1:35 of 1st period - Stopped by Frederik Andersen without a rebound.
1:36 of 1st period - Maxime Sauvé wins face-off versus Drew Shore in Rangers zone.
2:12 of 1st period - Snap shot by James Neal.
2:12 of 1st period - Deflect By Sean Couturier.
2:12 of 1st period - Stopped by Carey Price with a rebound.
2:28 of 1st period - Wrist shot by Matt Read.
2:28 of 1st period - Stopped by Carey Price with a rebound.
2:56 of 1st period - Patrice Bergeron is hit by Shayne Gostisbehere and loses puck.
3:09 of 1st period - Cam Barker is hit by Shayne Gostisbehere and loses puck.
3:36 of 1st period - Wrist shot by Ryan O'Reilly.
3:36 of 1st period - Stopped by Frederik Andersen without a rebound.
3:37 of 1st period - Sean Couturier wins face-off versus Ryan O'Reilly in Rangers zone.
3:46 of 1st period - Wrist shot by Filip Forsberg.
3:46 of 1st period - Shot Misses the Net.
3:52 of 1st period - Snap shot by Filip Forsberg.
3:52 of 1st period - Shot Misses the Net.
4:10 of 1st period - Snap shot by Tomas Hertl.
4:10 of 1st period - Shot Blocked by Alex Pietrangelo.
4:14 of 1st period - Wrist shot by Matt Read.
4:14 of 1st period - Shot Misses the Net.
4:16 of 1st period - Snap shot by Mark Fistric.
4:16 of 1st period - Stopped by Carey Price without a rebound.
4:17 of 1st period - Nicklas Backstrom wins face-off versus Tomas Hertl in Blues zone.
4:19 of 1st period - Minor Penalty to Jordan Eberle for Goalie Interference.
4:20 of 1st period - Jakob Silfverberg wins face-off versus Jean-Gabriel Pageau in Blues zone.
4:28 of 1st period - Wrist shot by Jakob Silfverberg.
4:28 of 1st period - Stopped by Carey Price without a rebound.
4:29 of 1st period - Patrice Bergeron wins face-off versus Jean-Gabriel Pageau in Blues zone.
4:38 of 1st period - Wrist shot by Jakob Silfverberg.
4:38 of 1st period - Stopped by Carey Price without a rebound.
4:39 of 1st period - Jean-Gabriel Pageau wins face-off versus Patrice Bergeron in Blues zone.
5:12 of 1st period - Cody Ceci is hit by James Neal and loses puck.
5:19 of 1st period - Slapshot by Alex Pietrangelo.
5:19 of 1st period - Stopped by Frederik Andersen with a rebound.
5:47 of 1st period - Matt Greene is hit by Jake Gardiner and loses puck.
6:19 of 1st period - Penalty to Jordan Eberle is over, Jordan Eberle is back on ice.
6:45 of 1st period - Wrist shot by Filip Forsberg.
6:45 of 1st period - Stopped by Frederik Andersen with a rebound.
6:47 of 1st period - Slapshot by Jake Gardiner.
6:47 of 1st period - Shot Misses the Net.
6:49 of 1st period - Snap shot by Yann Sauvé.
6:49 of 1st period - Stopped by Frederik Andersen with a rebound.
6:51 of 1st period - Wrist shot by Fabian Brunnstrom.
6:51 of 1st period - Goal by Fabian Brunnstrom - Blues : 1 - Rangers : 0.
6:52 of 1st period - Patrice Bergeron wins face-off versus Nicklas Backstrom in neutral zone.
7:09 of 1st period - Wrist shot by Jakob Silfverberg.
7:09 of 1st period - Shot Blocked by Shayne Gostisbehere.
7:21 of 1st period - Wrist shot by Sean Couturier.
7:21 of 1st period - Goal by Sean Couturier - Blues : 1 - Rangers : 1.
7:22 of 1st period - Sean Couturier wins face-off versus Jean-Gabriel Pageau in neutral zone.
7:29 of 1st period - Jean-Gabriel Pageau is hit by Kyle Okposo and loses puck.
7:48 of 1st period - Cam Barker is hit by Yann Sauvé and loses puck.
7:53 of 1st period - Wrist shot by Jake Gardiner.
7:53 of 1st period - Deflect By Ryan O'Reilly.
7:53 of 1st period - Stopped by Frederik Andersen with a rebound.
7:55 of 1st period - Backhand shot by Cody Ceci.
7:55 of 1st period - Stopped by Frederik Andersen with a rebound.
8:11 of 1st period - Wrist shot by Tomas Hertl.
8:11 of 1st period - Stopped by Carey Price without a rebound.
8:12 of 1st period - Nicklas Backstrom wins face-off versus Tomas Hertl in Blues zone.
8:17 of 1st period - Slapshot by Alex Pietrangelo.
8:17 of 1st period - Stopped by Frederik Andersen without a rebound.
8:18 of 1st period - Sean Couturier wins face-off versus Nicklas Backstrom in Rangers zone.
8:54 of 1st period - Minor Penalty to Yann Sauvé for Goalie Interference.
8:55 of 1st period - Patrice Bergeron wins face-off versus Jean-Gabriel Pageau in Blues zone.
9:35 of 1st period - Slapshot by Sean Couturier.
9:35 of 1st period - Shot Misses the Net.
9:47 of 1st period - Milan Lucic is hit by Shayne Gostisbehere and loses puck.
10:54 of 1st period - Penalty to Yann Sauvé is over, Yann Sauvé is back on ice.
11:37 of 1st period - Filip Forsberg is hit by Luke Schenn and loses puck.
12:34 of 1st period - Backhand shot by Ryan O'Reilly.
12:34 of 1st period - Goal by Ryan O'Reilly - Blues : 2 - Rangers : 1.
12:35 of 1st period - Patrice Bergeron wins face-off versus Ryan O'Reilly in neutral zone.
12:42 of 1st period - Slapshot by Cam Barker.
12:42 of 1st period - Stopped by Carey Price without a rebound.
12:43 of 1st period - Filip Forsberg wins face-off versus Patrice Bergeron in Blues zone.
12:56 of 1st period - Slapshot by Milan Lucic.
12:56 of 1st period - Stopped by Carey Price with a rebound.
12:58 of 1st period - Slapshot by Jakob Silfverberg.
12:58 of 1st period - Stopped by Carey Price with a rebound.
13:04 of 1st period - Slapshot by Milan Lucic.
13:04 of 1st period - Stopped by Carey Price with a rebound.
13:06 of 1st period - Slapshot by Cam Barker.
13:06 of 1st period - Deflect By Filip Forsberg.
13:06 of 1st period - Stopped by Carey Price without a rebound.
13:07 of 1st period - Sean Couturier wins face-off versus Nicklas Backstrom in Blues zone.
13:10 of 1st period - Snap shot by James Neal.
13:10 of 1st period - Deflect By Sean Couturier.
13:10 of 1st period - Goal by Sean Couturier - Blues : 2 - Rangers : 2.
13:11 of 1st period - Nicklas Backstrom wins face-off versus Patrice Bergeron in neutral zone.
13:18 of 1st period - Off-side.
13:19 of 1st period - Patrice Bergeron wins face-off versus Nicklas Backstrom in neutral zone.
13:22 of 1st period - Slapshot by Luke Schenn.
13:22 of 1st period - Stopped by Carey Price without a rebound.
13:23 of 1st period - Patrice Bergeron wins face-off versus Nicklas Backstrom in Blues zone.
14:33 of 1st period - Snap shot by Fabian Brunnstrom.
14:33 of 1st period - Stopped by Frederik Andersen without a rebound.
14:34 of 1st period - Maxime Sauvé wins face-off versus Nicklas Backstrom in Rangers zone.
14:59 of 1st period - Reilly Smith is hit by Kyle Okposo and loses puck.
15:08 of 1st period - Snap shot by Kyle Okposo.
15:08 of 1st period - Stopped by Carey Price without a rebound.
15:09 of 1st period - Patrice Bergeron wins face-off versus Nicklas Backstrom in Blues zone.
15:19 of 1st period - Off-side.
15:20 of 1st period - Sean Couturier wins face-off versus Jordan Eberle in neutral zone.
15:43 of 1st period - Minor Penalty to Sean Couturier for Hooking.
15:44 of 1st period - Nicklas Backstrom wins face-off versus Milan Lucic in Rangers zone.
15:45 of 1st period - Snap shot by Jordan Eberle.
15:45 of 1st period - Stopped by Frederik Andersen with a rebound.
15:47 of 1st period - Snap shot by Nicklas Backstrom.
15:47 of 1st period - Stopped by Frederik Andersen without a rebound.
15:48 of 1st period - Patrice Bergeron wins face-off versus Nicklas Backstrom in Rangers zone.
16:12 of 1st period - Icing by Alex Pietrangelo.
16:13 of 1st period - Milan Lucic wins face-off versus Nicklas Backstrom in Blues zone.
16:14 of 1st period - Wrist shot by Luke Schenn.
16:14 of 1st period - Deflect By Milan Lucic.
16:14 of 1st period - Shot Misses the Net.
16:14 of 1st period - Puck is out of play.
16:15 of 1st period - Nicklas Backstrom wins face-off versus Milan Lucic in Blues zone.
16:22 of 1st period - Wrist shot by Jordan Eberle.
16:22 of 1st period - Stopped by Frederik Andersen without a rebound.
16:23 of 1st period - Nicklas Backstrom wins face-off versus Milan Lucic in Rangers zone.
17:43 of 1st period - Penalty to Sean Couturier is over, Sean Couturier is back on ice.
17:53 of 1st period - Slapshot by Sean Couturier.
17:53 of 1st period - Stopped by Carey Price with a rebound.
18:13 of 1st period - Icing by Shayne Gostisbehere.
18:14 of 1st period - Tomas Hertl wins face-off versus Jean-Gabriel Pageau in Blues zone.
18:51 of 1st period - Wrist shot by Luke Schenn.
18:51 of 1st period - Deflect By Milan Lucic.
18:51 of 1st period - Shot Misses the Net.
18:51 of 1st period - Puck is out of play.
18:52 of 1st period - Jordan Eberle wins face-off versus Maxime Sauvé in Blues zone.
19:25 of 1st period - Snap shot by Ryan O'Reilly.
19:25 of 1st period - Stopped by Frederik Andersen with a rebound.
19:27 of 1st period - Snap shot by Ryan O'Reilly.
19:27 of 1st period - Shot Misses the Net.
19:29 of 1st period - Backhand shot by Filip Forsberg.
19:29 of 1st period - Stopped by Frederik Andersen without a rebound.
19:30 of 1st period - Patrice Bergeron wins face-off versus Nicklas Backstrom in Rangers zone.
19:35 of 1st period - Slapshot by Cam Barker.
19:35 of 1st period - Deflect By David Perron.
19:35 of 1st period - Goal by Cam Barker - Blues : 2 - Rangers : 3.
19:36 of 1st period - Nicklas Backstrom wins face-off versus Patrice Bergeron in neutral zone.
Goals for this period are 2 for Blues vs 3 for Rangers.
Shots for this period are 16 for Blues vs 19 for Rangers.
2nd period
0:01 of 2nd period - Ryan O'Reilly wins face-off versus Patrice Bergeron in neutral zone.
0:08 of 2nd period - Snap shot by Ryan O'Reilly.
0:08 of 2nd period - Stopped by Frederik Andersen without a rebound.
0:09 of 2nd period - Patrice Bergeron wins face-off versus Ryan O'Reilly in Rangers zone.
0:20 of 2nd period - Snap shot by Patrice Bergeron.
0:20 of 2nd period - Stopped by Carey Price with a rebound.
0:50 of 2nd period - Slapshot by Milan Lucic.
0:50 of 2nd period - Stopped by Carey Price with a rebound.
0:52 of 2nd period - Wrist shot by Jakob Silfverberg.
0:52 of 2nd period - Stopped by Carey Price with a rebound.
0:54 of 2nd period - Snap shot by Milan Lucic.
0:54 of 2nd period - Deflect By Reilly Smith.
0:54 of 2nd period - Shot Misses the Net.
0:54 of 2nd period - Puck is out of play.
0:55 of 2nd period - Nicklas Backstrom wins face-off versus Sean Couturier in Blues zone.
1:27 of 2nd period - Chris Bourque is hit by Jean-Gabriel Pageau and loses puck.
2:27 of 2nd period - Wrist shot by Alex Pietrangelo.
2:27 of 2nd period - Stopped by Frederik Andersen with a rebound.
2:29 of 2nd period - Snap shot by Ryan O'Reilly.
2:29 of 2nd period - Shot Misses the Net.
2:43 of 2nd period - Alex Pietrangelo is hit by Jakob Silfverberg.
3:02 of 2nd period - Slapshot by Alex Pietrangelo.
3:02 of 2nd period - Shot Blocked by Colten Teubert.
3:41 of 2nd period - Alexei Emelin is hit by Cody Ceci and loses puck.
4:00 of 2nd period - Snap shot by Patrice Bergeron.
4:00 of 2nd period - Shot Misses the Net.
4:04 of 2nd period - Snap shot by Jakob Silfverberg.
4:04 of 2nd period - Stopped by Carey Price with a rebound.
4:06 of 2nd period - Wrist shot by Luke Schenn.
4:06 of 2nd period - Shot Blocked by Jake Gardiner.
4:08 of 2nd period - Slapshot by Cam Barker.
4:08 of 2nd period - Stopped by Carey Price with a rebound.
5:17 of 2nd period - Wrist shot by Nicklas Backstrom.
5:17 of 2nd period - Shot Misses the Net.
5:46 of 2nd period - Jakob Silfverberg is hit by Fabian Brunnstrom and loses puck.
5:53 of 2nd period - Wrist shot by Jean-Gabriel Pageau.
5:53 of 2nd period - Stopped by Frederik Andersen with a rebound.
5:55 of 2nd period - Snap shot by Sergei Shirokov.
5:55 of 2nd period - Stopped by Frederik Andersen without a rebound.
5:56 of 2nd period - Sean Couturier wins face-off versus Nicklas Backstrom in Rangers zone.
6:47 of 2nd period - Shayne Gostisbehere is hit by Cam Barker and loses puck.
7:12 of 2nd period - Minor Penalty to Colten Teubert for Delaying the game.
7:13 of 2nd period - Nicklas Backstrom wins face-off versus Milan Lucic in Rangers zone.
8:56 of 2nd period - Cam Barker is hit by David Perron and loses puck.
9:12 of 2nd period - Penalty to Colten Teubert is over, Colten Teubert is back on ice.
10:08 of 2nd period - Backhand shot by Gustav Nyquist.
10:08 of 2nd period - Shot Hit the Post.
10:10 of 2nd period - Snap shot by Drew Shore.
10:10 of 2nd period - Goal by Drew Shore - Blues : 3 - Rangers : 3.
10:11 of 2nd period - Patrice Bergeron wins face-off versus Nicklas Backstrom in neutral zone.
11:05 of 2nd period - Snap shot by Ryan O'Reilly.
11:05 of 2nd period - Stopped by Frederik Andersen without a rebound.
11:06 of 2nd period - Patrice Bergeron wins face-off versus Nicklas Backstrom in Rangers zone.
11:46 of 2nd period - Slapshot by Sergei Shirokov.
11:46 of 2nd period - Shot Blocked by Luke Schenn.
12:02 of 2nd period - Slapshot by Alex Pietrangelo.
12:02 of 2nd period - Stopped by Frederik Andersen with a rebound.
12:04 of 2nd period - Snap shot by Reilly Smith.
12:04 of 2nd period - Stopped by Frederik Andersen without a rebound.
12:05 of 2nd period - Ryan O'Reilly wins face-off versus Patrice Bergeron in Rangers zone.
12:18 of 2nd period - Snap shot by Reilly Smith.
12:18 of 2nd period - Stopped by Frederik Andersen with a rebound.
12:32 of 2nd period - Kurt Sauer is hit by Sean Couturier and loses puck.
12:59 of 2nd period - Snap shot by Chris Bourque.
12:59 of 2nd period - Shot Misses the Net.
13:04 of 2nd period - Minor Penalty to Fabian Brunnstrom for Hooking.
13:05 of 2nd period - Patrice Bergeron wins face-off versus Jean-Gabriel Pageau in Blues zone.
15:04 of 2nd period - Penalty to Fabian Brunnstrom is over, Fabian Brunnstrom is back on ice.
15:18 of 2nd period - Drew Shore is hit by Steve Quailer and loses puck.
16:17 of 2nd period - Patrik Nemeth is hit by Simon Gagné and loses puck.
16:21 of 2nd period - Icing by Cam Barker.
16:22 of 2nd period - Ryan O'Reilly wins face-off versus Maxime Sauvé in Rangers zone.
16:39 of 2nd period - Wrist shot by Steve Quailer.
16:39 of 2nd period - Shot Misses the Net.
16:57 of 2nd period - Slapshot by Cam Barker.
16:57 of 2nd period - Shot Misses the Net.
16:59 of 2nd period - Slapshot by Cam Barker.
16:59 of 2nd period - Shot Misses the Net.
17:03 of 2nd period - Wrist shot by Milan Lucic.
17:03 of 2nd period - Shot Blocked by Reilly Smith.
17:07 of 2nd period - Snap shot by Milan Lucic.
17:07 of 2nd period - Stopped by Carey Price with a rebound.
17:13 of 2nd period - Wrist shot by Milan Lucic.
17:13 of 2nd period - Deflect By Steve Quailer.
17:13 of 2nd period - Stopped by Carey Price without a rebound.
17:14 of 2nd period - Sean Couturier wins face-off versus Nicklas Backstrom in Blues zone.
17:19 of 2nd period - Snap shot by Kyle Okposo.
17:19 of 2nd period - Stopped by Carey Price with a rebound.
17:25 of 2nd period - Snap shot by Jordan Eberle.
17:25 of 2nd period - Stopped by Frederik Andersen with a rebound.
17:27 of 2nd period - Slapshot by Yann Sauvé.
17:27 of 2nd period - Shot Blocked by James Neal.
17:29 of 2nd period - Snap shot by Nicklas Backstrom.
17:29 of 2nd period - Shot Blocked by Matt Greene.
17:31 of 2nd period - Snap shot by Jordan Eberle.
17:31 of 2nd period - Stopped by Frederik Andersen with a rebound.
18:07 of 2nd period - Wrist shot by Gustav Nyquist.
18:07 of 2nd period - Stopped by Frederik Andersen with a rebound.
18:19 of 2nd period - James Neal is hit by Yann Sauvé and loses puck.
18:36 of 2nd period - Matt Read is hit by Jean-Gabriel Pageau.
18:55 of 2nd period - Jake Gardiner is hit by Cam Barker and loses puck.
19:50 of 2nd period - Snap shot by Ryan O'Reilly.
19:50 of 2nd period - Shot Misses the Net.
Goals for this period are 1 for Blues vs 0 for Rangers.
Shots for this period are 12 for Blues vs 8 for Rangers.
3rd period
0:01 of 3rd period - Patrice Bergeron wins face-off versus Nicklas Backstrom in neutral zone.
0:17 of 3rd period - Off-side.
0:18 of 3rd period - Ryan O'Reilly wins face-off versus Sean Couturier in neutral zone.
0:41 of 3rd period - Minor Penalty to Filip Forsberg for Hooking.
0:42 of 3rd period - Patrice Bergeron wins face-off versus Jean-Gabriel Pageau in Blues zone.
0:47 of 3rd period - Snap shot by Milan Lucic.
0:47 of 3rd period - Goal by Milan Lucic - Blues : 3 - Rangers : 4.
0:48 of 3rd period - Patrice Bergeron wins face-off versus Nicklas Backstrom in neutral zone.
0:51 of 3rd period - Slapshot by Cam Barker.
0:51 of 3rd period - Deflect By Patrice Bergeron.
0:51 of 3rd period - Shot Misses the Net.
0:51 of 3rd period - Puck is out of play.
0:52 of 3rd period - Patrice Bergeron wins face-off versus Nicklas Backstrom in Blues zone.
0:57 of 3rd period - Wrist shot by Jakob Silfverberg.
0:57 of 3rd period - Stopped by Carey Price without a rebound.
0:58 of 3rd period - Nicklas Backstrom wins face-off versus Patrice Bergeron in Blues zone.
0:58 of 3rd period - Nicklas Backstrom is hit by Jakob Silfverberg.
1:32 of 3rd period - Minor Penalty to Jordan Eberle for Hooking.
1:33 of 3rd period - Jean-Gabriel Pageau wins face-off versus Sean Couturier in Blues zone.
1:33 of 3rd period - Jean-Gabriel Pageau is hit by James Neal.
1:48 of 3rd period - Wrist shot by Jean-Gabriel Pageau.
1:48 of 3rd period - Stopped by Frederik Andersen without a rebound.
1:49 of 3rd period - Jean-Gabriel Pageau wins face-off versus Patrice Bergeron in Rangers zone.
1:55 of 3rd period - Off-side.
1:56 of 3rd period - Jean-Gabriel Pageau wins face-off versus Patrice Bergeron in neutral zone.
2:37 of 3rd period - Snap shot by Milan Lucic.
2:37 of 3rd period - Deflect By Jakob Silfverberg.
2:37 of 3rd period - Shot Misses the Net.
2:37 of 3rd period - Puck is out of play.
2:38 of 3rd period - Sean Couturier wins face-off versus Jean-Gabriel Pageau in Blues zone.
2:47 of 3rd period - Wrist shot by James Neal.
2:47 of 3rd period - Shot Misses the Net.
3:13 of 3rd period - Slapshot by Yann Sauvé.
3:13 of 3rd period - Shot Blocked by James Neal.
3:32 of 3rd period - Penalty to Jordan Eberle is over, Jordan Eberle is back on ice.
4:20 of 3rd period - Slapshot by Shayne Gostisbehere.
4:20 of 3rd period - Stopped by Frederik Andersen without a rebound.
4:21 of 3rd period - Patrice Bergeron wins face-off versus Drew Shore in Rangers zone.
4:21 of 3rd period - Patrice Bergeron is hit by Gustav Nyquist.
4:35 of 3rd period - Minor Penalty to Simon Gagné for Roughing.
4:36 of 3rd period - Patrice Bergeron wins face-off versus Jean-Gabriel Pageau in Blues zone.
4:37 of 3rd period - Snap shot by Milan Lucic.
4:37 of 3rd period - Stopped by Carey Price without a rebound.
4:38 of 3rd period - Jean-Gabriel Pageau wins face-off versus Patrice Bergeron in Blues zone.
6:31 of 3rd period - Icing by Luke Schenn.
6:32 of 3rd period - Sean Couturier wins face-off versus Ryan O'Reilly in Rangers zone.
6:35 of 3rd period - Penalty to Simon Gagné is over, Simon Gagné is back on ice.
7:05 of 3rd period - Milan Lucic is hit by Jean-Gabriel Pageau and loses puck.
7:40 of 3rd period - Tomas Hertl is hit by Jordan Eberle and loses puck.
7:53 of 3rd period - Colten Teubert is hit by Filip Forsberg and loses puck.
8:07 of 3rd period - Kyle Okposo is hit by Reilly Smith and loses puck.
10:00 of 3rd period - Snap shot by Jean-Gabriel Pageau.
10:00 of 3rd period - Stopped by Frederik Andersen without a rebound.
10:01 of 3rd period - Tomas Hertl wins face-off versus Jean-Gabriel Pageau in Rangers zone.
10:11 of 3rd period - Wrist shot by Tomas Hertl.
10:11 of 3rd period - Shot Misses the Net.
10:13 of 3rd period - Slapshot by Matt Read.
10:13 of 3rd period - Shot Misses the Net.
10:15 of 3rd period - Snap shot by Matt Read.
10:15 of 3rd period - Deflect By Alex Pietrangelo.
10:15 of 3rd period - Rangers goal is going for a video replay.
10:15 of 3rd period - The goal is good.
10:15 of 3rd period - Goal by Matt Read - Blues : 3 - Rangers : 5.
10:16 of 3rd period - Nicklas Backstrom wins face-off versus Milan Lucic in neutral zone.
10:45 of 3rd period - Snap shot by Kyle Okposo.
10:45 of 3rd period - Stopped by Carey Price with a rebound.
10:47 of 3rd period - Wrist shot by Kyle Okposo.
10:47 of 3rd period - Stopped by Carey Price without a rebound.
10:48 of 3rd period - Sean Couturier wins face-off versus Ryan O'Reilly in Blues zone.
10:49 of 3rd period - Snap shot by James Neal.
10:49 of 3rd period - Stopped by Carey Price without a rebound.
10:50 of 3rd period - Ryan O'Reilly wins face-off versus Patrice Bergeron in Blues zone.
11:43 of 3rd period - Snap shot by Matt Read.
11:43 of 3rd period - Shot Blocked by Alex Pietrangelo.
11:45 of 3rd period - Slapshot by Tomas Hertl.
11:45 of 3rd period - Shot Misses the Net.
12:43 of 3rd period - Slapshot by Colten Teubert.
12:43 of 3rd period - Stopped by Carey Price without a rebound.
12:44 of 3rd period - Maxime Sauvé wins face-off versus Nicklas Backstrom in Blues zone.
13:16 of 3rd period - Sean Couturier is hit by Ryan O'Reilly.
13:34 of 3rd period - Wrist shot by Milan Lucic.
13:34 of 3rd period - Deflect By Jakob Silfverberg.
13:34 of 3rd period - Shot Hit the Post.
13:34 of 3rd period - Puck is out of play.
13:35 of 3rd period - Patrice Bergeron wins face-off versus Jean-Gabriel Pageau in Blues zone.
13:38 of 3rd period - Snap shot by Patrice Bergeron.
13:38 of 3rd period - Stopped by Carey Price without a rebound.
13:39 of 3rd period - Nicklas Backstrom wins face-off versus Patrice Bergeron in Blues zone.
14:41 of 3rd period - Sergei Shirokov is hit by Kyle Okposo and loses puck.
14:54 of 3rd period - Snap shot by Nicklas Backstrom.
14:54 of 3rd period - Shot Misses the Net.
15:04 of 3rd period - Snap shot by Sean Couturier.
15:04 of 3rd period - Deflect By James Neal.
15:04 of 3rd period - Shot Blocked by David Perron.
15:04 of 3rd period - Puck is out of play.
15:05 of 3rd period - Ryan O'Reilly wins face-off versus Patrice Bergeron in Blues zone.
15:05 of 3rd period - Ryan O'Reilly is hit by Jakob Silfverberg.
15:19 of 3rd period - Luke Schenn is hit by Filip Forsberg and loses puck.
15:32 of 3rd period - Cody Ceci is hit by Matt Read and loses puck.
15:59 of 3rd period - Icing by Nicklas Backstrom.
16:00 of 3rd period - Sean Couturier wins face-off versus Nicklas Backstrom in Blues zone.
16:19 of 3rd period - Shayne Gostisbehere is hit by Milan Lucic and loses puck.
16:41 of 3rd period - Snap shot by Jean-Gabriel Pageau.
16:41 of 3rd period - Shot Misses the Net.
16:43 of 3rd period - Snap shot by Fabian Brunnstrom.
16:43 of 3rd period - Shot Blocked by Mark Fistric.
16:45 of 3rd period - Snap shot by Sergei Shirokov.
16:45 of 3rd period - Deflect By Chris Bourque.
16:45 of 3rd period - Stopped by Frederik Andersen with a rebound.
18:28 of 3rd period - Snap shot by Shayne Gostisbehere.
18:28 of 3rd period - Stopped by Frederik Andersen with a rebound.
18:30 of 3rd period - Wrist shot by Gustav Nyquist.
18:30 of 3rd period - Stopped by Frederik Andersen without a rebound.
18:31 of 3rd period - Tomas Hertl wins face-off versus Jean-Gabriel Pageau in Rangers zone.
18:31 of 3rd period - Tomas Hertl is hit by Jean-Gabriel Pageau.
18:42 of 3rd period - Icing by Colten Teubert.
18:43 of 3rd period - Tomas Hertl wins face-off versus Jean-Gabriel Pageau in Rangers zone.
19:07 of 3rd period - Icing by Yann Sauvé.
19:08 of 3rd period - Jean-Gabriel Pageau wins face-off versus Maxime Sauvé in Blues zone.
19:21 of 3rd period - Slapshot by Alex Pietrangelo.
19:21 of 3rd period - Shot Misses the Net.
19:23 of 3rd period - Snap shot by Jean-Gabriel Pageau.
19:23 of 3rd period - Shot Blocked by Luke Schenn.
19:25 of 3rd period - Wrist shot by Alex Pietrangelo.
19:25 of 3rd period - Shot Blocked by Cam Barker.
19:27 of 3rd period - Slapshot by Fabian Brunnstrom.
19:27 of 3rd period - Shot Blocked by Maxime Sauvé.
19:29 of 3rd period - Slapshot by Alex Pietrangelo.
19:29 of 3rd period - Shot Misses the Net.
19:49 of 3rd period - Backhand shot by Luke Schenn.
19:49 of 3rd period - Shot Blocked by Yann Sauvé.
19:55 of 3rd period - Jean-Gabriel Pageau is hit by Steve Quailer and loses puck.
Goals for this period are 0 for Blues vs 2 for Rangers.
Shots for this period are 6 for Blues vs 9 for Rangers.
Back to the Top